 Dungeon Crawl Stone Soup version 0.28.0-45-g0d030f2227 (webtiles) character file.

Game seed: 2328885862159659477

267 pkoi the Stinger (level 5, -2/38 HPs)
             Began as a Demigod Venom Mage on Apr 7, 2022.
             Killed from afar by a hobgoblin (19 damage)
             ... with an iceblast
             ... on level 3 of the Dungeon.
             The game lasted 00:02:38 (3247 turns).

pkoi the Stinger (Demigod Venom Mage)               Turns: 3247, Time: 00:02:38

Health: -2/38      AC:  5    Str:  8 (9)  XL:     5   Next: 68%
Magic:  10/10      EV: 12    Int: 21      God:
Gold:   72         SH:  0    Dex: 14      Spells: 4/7 levels left

rFire   . . .      SeeInvis .   f - +0 spear
rCold   . . .      Faith    .   (no shield)
rNeg    + . .      Spirit   .   a - +0 robe
rPois   .          Reflect  .   (helmet restricted)
rElec   .          Harm     .   m - +1 cloak
rCorr   .          Rampage  .   c - +0 pair of gloves
Will    .....                   (no boots)
Stlth   ++........              (no amulet)
HPRegen 0.12/turn               e - ring of positive energy
MPRegen 0.12/turn               (no ring)

@: no status effects
A: high MP 1, forlorn, divine attributes, horns 1
a: no special abilities


You were on level 3 of the Dungeon.
You visited 1 branch of the dungeon, and saw 3 of its levels.

You collected 72 gold pieces.

Inventory:

Hand Weapons
 f - a +0 spear (weapon)
 l - a +3 quarterstaff of chaos
Armour
 a - a +0 robe (worn)
 c - a +0 pair of gloves (worn)
 m - a +1 cloak (worn)
Jewellery
 e - a ring of positive energy (left hand)
Scrolls
 d - a scroll of identify
 k - 2 scrolls of noise
Potions
 b - a potion of degeneration
 g - a potion of attraction {unknown}
 j - a potion of flight


   Skills:
 - Level 1.7 Dodging
 - Level 1.7 Stealth
 * Level 3.8 Unarmed Combat
 - Level 1.7 Spellcasting
 - Level 0.8 Transmutations
 + Level 2.0 Air Magic
 + Level 3.9 Poison Magic


You had 4 spell levels left.
You knew the following spells:

 Your Spells              Type           Power      Damage    Failure   Level
a - Sting                 Tmut/Pois      44%        1d5       6%          1
b - Poisonous Vapours     Pois/Air       28%        N/A       7%          2

Your spell library contained the following spells:

 Spells                   Type           Power      Damage    Failure   Level
 Mephitic Cloud           Conj/Pois/Air  10%        N/A       21%         3
 Olgreb's Toxic Radiance  Pois           18%        N/A       30%         4


Dungeon Overview and Level Annotations

Branches:
Dungeon (3/15)


Innate Abilities, Weirdness & Mutations

You have an increased reservoir of magic. (+10% MP)
You shall have no god before yourself.
Your divine heritage dramatically boosts your attributes as you level up.
You have a pair of small horns on your head.


Message History

The sting hits Sigmund.
Sigmund looks as sick as possible!
Sigmund is heavily wounded.
Sigmund points at you and mumbles some strange words.
The magic dart hits you.
* * * LOW HITPOINT WARNING * * *
You kill Sigmund!
You feel your strength returning.
You feel your intelligence returning.
You feel your dexterity returning.
Your Air Magic skill increases to level 2!
You have reached level 5!
There is a stone staircase leading up here.
You climb upwards.
There is a stone staircase leading down here.
You start resting.
Magic restored.
You start resting.
HP restored.
You start waiting.
Done waiting.
You start waiting.
Done waiting.
You climb downwards.
There is a stone staircase leading up here.
Things that are here:
a +1 robe of resistance; a +0 scythe
g - a yellow potion A rat comes into view.
A hobgoblin comes into view. It is carrying a wand of iceblast (10).
The hobgoblin shouts!
The hobgoblin zaps a wand.
The mass of ice explodes!
The iceblast engulfs you!
* * * LOW HITPOINT WARNING * * *
A frilled lizard comes into view.
You hear a shout! x5
The hobgoblin zaps a wand.
The mass of ice explodes!
The iceblast engulfs you!
* * * LOW HITPOINT WARNING * * *
You hear a bark!
You hear a shout!
There is a stone staircase leading up here.
The hobgoblin zaps a wand.
The mass of ice explodes!
The iceblast engulfs you!!
Ouch! That really hurt!
You die...

####. ####.....
....##.........
####..........#..
#......#..........
#............
#............
#............
##.......l...
#..@........
#...........
##..[.......
##.........
...###.<##..###
...^....# #.g#
....###.# .... ...
..# .#. .# #.##


You could see a hobgoblin and a frilled lizard.

Vanquished Creatures
  Sigmund (D:3)
  Crazy Yiuf (D:2)
  4 gnolls (D:2)
  2 adders (D:2)
  2 dart slugs
  5 ball pythons
  5 endoplasms
  3 giant cockroaches
  A goblin (D:2)
  4 hobgoblins (D:1)
  2 jackals (D:1)
  A kobold (D:1)
  A quokka (D:1)
  3 bats
  A frilled lizard (D:2)
  2 rats (D:1)
38 creatures vanquished.

Notes
Turn   | Place    | Note
-------+----------+-------------------------------------------
     0 | D:1      | pkoi the Demigod Venom Mage began the quest for the Orb.
     0 | D:1      | Reached XP level 1. HP: 14/14 MP: 5/5
   233 | D:1      | Reached skill level 1 in Unarmed Combat
   426 | D:1      | Reached XP level 2. HP: 15/20 MP: 4/7
  1279 | D:2      | Reached XP level 3. HP: 26/26 MP: 4/8
  1282 | D:2      | Learned a level 2 spell: Poisonous Vapours
  1775 | D:2      | Reached XP level 4. HP: 8/33 MP: 1/9
  2232 | D:2      | Reached skill level 1 in Air Magic
  2393 | D:2      | Found a runed translucent door.
  2394 | D:2      | Noticed Crazy Yiuf
  2410 | D:2      | Killed Crazy Yiuf
  2606 | D:2      | Gained mutation: You have a pair of small horns on your
                  | head. [potion of mutation]
  2886 | D:3      | Noticed Sigmund
  2893 | D:3      | Killed Sigmund
  2894 | D:3      | Reached XP level 5. HP: 21/38 MP: 3/10
  3247 | D:3      | Killed from afar by a hobgoblin

Illustrated notes

Levels and vault maps discovered:
D:1:      dpeg_arrival_rooms_a, layout_loops_ring, basic_ecumenical_altar
D:2:      layout_basic, uniq_crazy_yiuf_cottage
D:3:      layout_rooms, uniq_sigmund

Skill      XL: |  1  2  3  4 |
---------------+-------------+-----
Unarmed Combat | 1 2 3 |  3.8
Poison Magic   | 3 |  3.9
Air Magic      | 2 |  2.0
Dodging        | |  1.7
Stealth        | |  1.7
Spellcasting   | |  1.7
Transmutations | |  0.8

Action                   |  1- 3 |  4- 6 || total
-------------------------+-------+-------++-------
Melee: Spear             |    35 |     1 ||    36
       Unarmed           |     4 |       ||     4
       Punch             |     1 |       ||     1
 Cast: Sting             |    56 |    22 ||    78
  Use: Scroll            |       |     4 ||     4
       Potion            |       |     4 ||     4
Armor: Robe              |    12 |     1 ||    13
Dodge: Dodged            |    38 |     8 ||    46
